 Dungeon Sprint DCSS version 0.17-a0-1805-g6093636 (webtiles) character file.

10894 Kidiri the Unseen (level 11, 0/46 (47) HPs)
             Began as a Spriggan Enchanter on Sept 12, 2015.
             Was the Champion of Dithmenos.
             Killed by angry trees
             ... awakened by a spriggan druid
              (17 damage)
             ... in the Dungeon (Sprint III: "The Ten Rune Challenge").
             The game lasted 00:14:01 (2897 turns).

Kidiri the Unseen (Spriggan Enchanter)              Turns: 2897, Time: 00:14:02

HP:   0/46 (47)     AC:  6    Str:  4    XL:     11   Next: 42%
MP:   9/30          EV: 32    Int: 19    God:    Dithmenos [******]
Gold: 57            SH:  2    Dex: 18    Spells: 8 memorised, 16 levels left

rFire  . . .     SeeInvis +     a - +1 dagger
rCold  . . .     Clarity  .     b - +1 robe
rNeg   . . .     SustAt   .     (shield restricted)
rPois  .         Gourm    .     (helmet restricted)
rElec  .         Spirit   .     e - +0 cloak
rCorr  .         Warding  .     (gloves unavailable)
rMut   .         NoTele   +     (boots unavailable)
MR     +....                    (no amulet)
Stlth  ++++++++++               (no ring)
                                (no ring)

@: very slightly contaminated, wreathed by umbra, very quick, somewhat resistant
to hostile enchantments, uncannily stealthy
A: unfitting armour, large bone plates 1, see invisible, herbivore 3, speed 3,
slow metabolism 2, spit poison 1
a: Spit Poison, Shadow Step, Shadow Form, Renounce Religion


You were in the Dungeon.
You worshipped Dithmenos.
Dithmenos was exalted by your worship.
You were not hungry.

You visited 1 branch You collected 57 gold pieces.

Inventory:

Hand weapons
 a - a +1 dagger (weapon)
Armour
 b - a +1 robe (worn)
 e - a +0 cloak (worn)
Scrolls
 j - a scroll of blinking
 l - 2 scrolls of torment
 n - 3 scrolls of remove curse
Potions
 c - 2 potions of heal wounds
 d - a potion of brilliance {unknown}
 g - 2 potions of haste
 h - a potion of magic
 i - a potion of might
 p - 2 potions of curing
 q - a potion of lignification
Comestibles
 o - 30 royal jellies


   Skills:
 + Level 9.1 Short Blades
 * Level 16.2 Dodging
 * Level 17.7 Stealth
 * Level 14.2 Spellcasting
 + Level 6.0 Conjurations
 + Level 10.8 Hexes
 + Level 9.9 Charms
 + Level 6.8 Ice Magic
 + Level 6.2 Air Magic
 - Level 6.7 Invocations


You had 16 spell levels left.
You knew the following spells:

 Your Spells              Type           Power        Failure   Level  Hunger
a - Corona                Hex            ######.      1%          1    None
b - Ensorcelled Hibernat  Hex/Ice        #####.       1%          2    None
c - Confuse               Hex            ######..     1%          3    None
d - Tukima's Dance        Hex            ######..     1%          3    None
e - Dazzling Spray        Conj/Hex       #####...     1%          3    None
f - Repel Missiles        Chrm/Air       #####.       1%          2    None
g - Static Discharge      Conj/Air       #####...     1%          3    None
h - Lightning Bolt        Conj/Air       #####.....   12%         5    ####...


Dungeon Overview and Level Annotations

Branches:
Dungeon (1/1)

Altars:
Cheibriados
Dithmenos
Elyvilon
Fedhas
Gozag
Kikubaaqudgha
Makhleb
Nemelex Xobeh
Okawaru
Qazlal
Ru
Sif Muna
Trog
Vehumet
Xom
Yredelemnul
Zin
The Shining One
Jiyva
Lugonu


Innate Abilities, Weirdness & Mutations

You are tiny and cannot use many weapons and most armour.
You have supernaturally acute eyesight.
You are a herbivore.
You cover ground extremely quickly.
You need consume almost no food.
You are partially covered in large bone plates (AC +2, SH +2).
You can spit weak poison.


Message History

The spriggan druid is healed somewhat.
Casting: Lightning Bolt
Confirm with . or Enter, or press ? or * to list all spells.
Aiming: Dazzling Spray
Press: ? - help, Shift-Dir - straight line, f/p - spriggan druid
Aim: a spriggan druid, wielding a quarterstaff and wearing a robe (severely wounded, umbra)
The spray of energy hits the spriggan druid.
The spriggan druid is almost dead.
The trees move their gnarly branches around.
You are waved at by a branch.
The spriggan druid completely misses you.
Casting: Dazzling Spray
Confirm with . or Enter, or press ? or * to list all spells.
Aiming: Dazzling Spray
Press: ? - help, Shift-Dir - straight line, f/p - spriggan druid
Aim: a spriggan druid, wielding a quarterstaff and wearing a robe (almost dead, umbra)
The spray of energy hits the spriggan druid.
The spriggan druid is almost dead.
A tree reaches out and hits you!
You die...

#.≈♣♣♣♣♣♣♣♣♣♣♣♣♣♣♣♣PP##.#.#.####
#..♣♣ ♣♣♣ #+#####
###'♣♣♣♣♣♣♣♣♣♣♣♣♣♣♣
♣♣♣♣.##.%##≈≈≈≈≈≈..#
♣...##.##.#≈≈≈≈≈...#
♣♣.##.##.##%≈≈≈≈§####+#
♣..#.##...#≈≈..§§.§§§#
♣♣.##.##.[#≈..'#######
♣♣.##.#####...#@i)§.§#
♣.....##%.....#♣♣♣§§)#
########+###### #####


You could see a spriggan druid.

Vanquished Creatures
  Maud (D)
  Josephine (D)
  A centaur warrior (D)
  2 hydras (D)
  A death drake (D)
  An unseen horror (D)
  A lindwurm (D)
  2 spiny frogs (D)
  A komodo dragon (D)
  A deep elf priest (D)
  A queen bee (D)
  3 wandering mushrooms (D)
  A shadow (D)
  3 redbacks (D)
  2 spriggans (D)
  A spatial vortex (D)
  A necrophage (D)
  An earth elemental (D)
  2 brain worms (D)
  2 centaurs (D)
  A water elemental (D)
  An electric eel (D)
  32 killer bees (D)
  A jelly (D)
  Crazy Yiuf (D)
  A wizard (D)
  A necromancer (D)
  3 humans (D)
  A kobold demonologist (D)
  2 oozes (D)
  2 rats (D)
75 creatures vanquished.

Vanquished Creatures (others)
  2 draconian scorchers (D)
  2 yaktaurs (D)
4 creatures vanquished.

Grand Total: 79 creatures vanquished

Notes
Turn   | Place    | Note
--------------------------------------------------------------
     0 | D        | Kidiri the Spriggan Enchanter began the quest for the Orb.
     0 | D        | Reached XP level 1. HP: 9/9 MP: 5/5
    14 | D        | Reached skill level 5 in Stealth
    23 | D        | Reached XP level 2. HP: 13/13 MP: 5/7
    27 | D        | Learned a level 2 spell: Ensorcelled Hibernation
    69 | D        | Noticed Crazy Yiuf
    72 | D        | Killed Crazy Yiuf
    72 | D        | Reached skill level 5 in Dodging
    72 | D        | Reached skill level 6 in Stealth
    72 | D        | Reached XP level 3. HP: 16/16 MP: 8/10
    82 | D        | Learned a level 3 spell: Confuse
    86 | D        | Learned a level 3 spell: Tukima's Dance
   121 | D        | Reached skill level 5 in Spellcasting
   121 | D        | Reached skill level 1 in Ice Magic
   202 | D        | Killed a white draconian scorcher
   227 | D        | Killed a white draconian scorcher
   280 | D        | Learned a level 3 spell: Dazzling Spray
   284 | D        | Gained mutation: Your mind is acute. (Int +2) [potion of mutation]
   284 | D        | Gained mutation: You can spit weak poison. [potion of mutation]
   284 | D        | Lost mutation: Your mind is acute. (Int +2) [potion of mutation]
   285 | D        | Gained mutation: Your spells are a little harder to cast, but a little more powerful. [potion of mutation]
   285 | D        | Lost mutation: Your spells are a little harder to cast, but a little more powerful. [potion of mutation]
   285 | D        | Gained mutation: You are partially covered in large bone plates (AC +2, SH +2). [potion of mutation]
   291 | D        | Noticed a water elemental
   304 | D        | Killed a water elemental
   304 | D        | Reached skill level 8 in Stealth
   304 | D        | Reached skill level 1 in Conjurations
   304 | D        | Reached skill level 5 in Hexes
   304 | D        | Reached XP level 4. HP: 18/21 MP: 10/12
   538 | D        | Noticed a jelly
   539 | D        | Noticed a shadow
   541 | D        | Killed a shadow
   541 | D        | Reached skill level 9 in Stealth
   541 | D        | Reached XP level 5. HP: 24/24 MP: 12/15
   541 | D        | Reached XP level 6. HP: 28/28 MP: 13/17
   544 | D        | Killed a jelly
   544 | D        | Reached skill level 10 in Stealth
   584 | D        | Found a stormy altar of Qazlal.
   584 | D        | Noticed a spatial vortex
   586 | D        | Found a sacrificial altar of Ru.
   586 | D        | Found a burning altar of Makhleb.
   586 | D        | Found a viscous altar of Jiyva.
   586 | D        | Found a shimmering altar of Xom.
   586 | D        | Found a shadowy altar of Dithmenos.
   586 | D        | Found a sparkling altar of Nemelex Xobeh.
   586 | D        | Found a corrupted altar of Lugonu.
   586 | D        | Found an opulent altar of Gozag.
   590 | D        | Became a worshipper of Dithmenos the Shadowed
   619 | D        | Killed a spatial vortex
   619 | D        | Reached skill level 5 in Short Blades
   619 | D        | Reached skill level 1 in Invocations
   647 | D        | Killed a yaktaur
   748 | D        | Found a radiant altar of Vehumet.
   749 | D        | Found a deep blue altar of Sif Muna.
   749 | D        | Found an ancient bone altar of Kikubaaqudgha.
   749 | D        | Noticed a wizard
   752 | D        | Noticed a red devil
   753 | D        | Killed a wizard
   765 | D        | Reached skill level 11 in Stealth
   780 | D        | Learned a level 2 spell: Repel Missiles
   784 | D        | Learned a level 3 spell: Static Discharge
   790 | D        | Learned a level 5 spell: Lightning Bolt
   804 | D        | Found a glowing silver altar of Zin.
   805 | D        | Found a glowing golden altar of the Shining One.
   805 | D        | Found a white marble altar of Elyvilon.
   805 | D        | Noticed a deep elf priest
   807 | D        | Killed a deep elf priest
   807 | D        | Reached skill level 10 in Dodging
   807 | D        | Reached skill level 1 in Air Magic
   807 | D        | Reached XP level 7. HP: 32/32 MP: 18/20
   818 | D        | Found an iron altar of Okawaru.
   819 | D        | Found a bloodstained altar of Trog.
   819 | D        | Noticed a human
   819 | D        | Noticed a human
   821 | D        | Killed a human
   821 | D        | Reached skill level 12 in Stealth
   822 | D        | Killed a human
   876 | D        | Found a snail-covered altar of Cheibriados.
   876 | D        | Noticed a necrophage
   877 | D        | Found a basalt altar of Yredelemnul.
   877 | D        | Found a blossoming altar of Fedhas.
   877 | D        | Noticed a necromancer
   881 | D        | Killed a necrophage
   881 | D        | Acquired Dithmenos's first power
   881 | D        | Reached XP level 8. HP: 19/35 MP: 12/22
   885 | D        | Killed a necromancer
  1154 | D        | Noticed Josephine
  1156 | D        | Killed Josephine
  1156 | D        | Reached skill level 13 in Stealth
  1156 | D        | Reached skill level 10 in Spellcasting
  1156 | D        | Reached skill level 5 in Charms
  1164 | D        | Noticed an earth elemental
  1215 | D        | Killed an earth elemental
  1396 | D        | Noticed a centaur
  1396 | D        | Noticed a centaur warrior
  1396 | D        | Noticed a centaur
  1398 | D        | Killed a centaur
  1398 | D        | Reached XP level 9. HP: 38/38 MP: 24/24
  1400 | D        | Killed a centaur warrior
  1400 | D        | Acquired Dithmenos's second power
  1400 | D        | Reached skill level 14 in Stealth
  1400 | D        | Reached skill level 5 in Ice Magic
  1401 | D        | Killed a centaur
  1415 | D        | Noticed an unseen horror
  1423 | D        | Killed an unseen horror
  1423 | D        | Reached skill level 5 in Invocations
  1429 | D        | Noticed a killer bee
  1429 | D        | Noticed a killer bee
  1429 | D        | Noticed a killer bee
  1429 | D        | Noticed a killer bee
  1429 | D        | Noticed a killer bee
  1429 | D        | Noticed a killer bee
  1429 | D        | Noticed a killer bee
  1429 | D        | Noticed a killer bee
  1429 | D        | Noticed a killer bee
  1429 | D        | Noticed a killer bee
  1429 | D        | Noticed a killer bee
  1429 | D        | Noticed a killer bee
  1429 | D        | Noticed a killer bee
  1429 | D        | Noticed a killer bee
  1429 | D        | Noticed a killer bee
  1436 | D        | Noticed a queen bee
  1436 | D        | Noticed a killer bee
  1436 | D        | Noticed a killer bee
  1436 | D        | Noticed a killer bee
  1436 | D        | Noticed a killer bee
  1436 | D        | Noticed a killer bee
  1436 | D        | Noticed a killer bee
  1436 | D        | Noticed a killer bee
  1436 | D        | Noticed a killer bee
  1436 | D        | Noticed a killer bee
  1436 | D        | Noticed a killer bee
  1436 | D        | Noticed a killer bee
  1436 | D        | Noticed a killer bee
  1436 | D        | Noticed a killer bee
  1436 | D        | Noticed a killer bee
  1436 | D        | Noticed a killer bee
  1436 | D        | Noticed a killer bee
  1436 | D        | Noticed a killer bee
  1437 | D        | Killed a killer bee
  1440 | D        | Killed a killer bee
  1441 | D        | Killed a killer bee
  1441 | D        | Acquired Dithmenos's third power
  1634 | D        | Killed a yaktaur
  1712 | D        | Killed a killer bee
  1714 | D        | Killed a killer bee
  1716 | D        | Killed a killer bee
  1718 | D        | Killed a killer bee
  1720 | D        | Killed a killer bee
  1720 | D        | Reached skill level 15 in Stealth
  1727 | D        | Killed a killer bee
  1731 | D        | Killed a killer bee
  1731 | D        | Acquired Dithmenos's fourth power
  1733 | D        | Killed a killer bee
  1737 | D        | Killed a killer bee
  2045 | D        | Killed a queen bee
  2045 | D        | Reached XP level 10. HP: 43/43 MP: 27/27
  2047 | D        | Killed a killer bee
  2049 | D        | Killed a killer bee
  2052 | D        | Killed a killer bee
  2054 | D        | Killed a killer bee
  2056 | D        | Killed a killer bee
  2058 | D        | Killed a killer bee
  2060 | D        | Killed a killer bee
  2062 | D        | Killed a killer bee
  2064 | D        | Killed a killer bee
  2066 | D        | Killed a killer bee
  2070 | D        | Killed a killer bee
  2072 | D        | Killed a killer bee
  2224 | D        | Killed a killer bee
  2224 | D        | Reached skill level 5 in Conjurations
  2227 | D        | Killed a killer bee
  2228 | D        | Killed a killer bee
  2230 | D        | Killed a killer bee
  2231 | D        | Killed a killer bee
  2240 | D        | Killed a killer bee
  2247 | D        | Killed a killer bee
  2248 | D        | Killed a killer bee
  2365 | D        | Noticed a wandering mushroom
  2366 | D        | Noticed a wandering mushroom
  2366 | D        | Noticed a wandering mushroom
  2367 | D        | Killed a wandering mushroom
  2369 | D        | Killed a wandering mushroom
  2376 | D        | Killed a wandering mushroom
  2376 | D        | Reached skill level 16 in Stealth
  2472 | D        | Noticed a spiny frog
  2472 | D        | Noticed a komodo dragon
  2472 | D        | Noticed a spiny frog
  2475 | D        | Killed a spiny frog
  2476 | D        | Killed a spiny frog
  2476 | D        | Reached skill level 5 in Air Magic
  2477 | D        | Killed a komodo dragon
  2480 | D        | Noticed a redback
  2482 | D        | Killed a redback
  2483 | D        | Noticed a brain worm
  2491 | D        | Killed a brain worm
  2491 | D        | Reached skill level 10 in Hexes
  2530 | D        | Noticed a brain worm
  2532 | D        | Killed a brain worm
  2535 | D        | Noticed a lindwurm
  2537 | D        | Noticed a redback
  2538 | D        | Killed a lindwurm
  2538 | D        | Reached skill level 15 in Dodging
  2540 | D        | Killed a redback
  2544 | D        | Noticed a redback
  2545 | D        | Killed a redback
  2546 | D        | Noticed Maud
  2548 | D        | Killed Maud
  2548 | D        | Reached skill level 17 in Stealth
  2548 | D        | Reached XP level 11. HP: 46/46 MP: 29/29
  2552 | D        | Noticed an electric eel
  2554 | D        | Noticed an eight-headed hydra
  2554 | D        | Noticed a seven-headed hydra
  2555 | D        | Killed an electric eel
  2820 | D        | Killed an eight-headed hydra
  2830 | D        | Killed a seven-headed hydra
  2869 | D        | Noticed a death drake
  2872 | D        | Killed a death drake
  2886 | D        | Found a blossoming altar of Fedhas.
  2886 | D        | Noticed a spriggan
  2886 | D        | Noticed a spriggan druid
  2886 | D        | Noticed a spriggan
  2888 | D        | Killed a spriggan
  2895 | D        | Killed a spriggan
  2897 | D        | Killed from afar by a spriggan druid

Vault maps used:
D:        dungeon_sprint_mu

Action                   |  1- 3 |  4- 6 |  7- 9 | 10-12 || total
-------------------------+-------+-------+-------+-------++-------
Melee: Dagger            |    35 |    27 |    59 |    59 ||   180
 Cast: Ensorcelled Hiber |     1 |     1 |    15 |    35 ||    52
       Confuse           |     1 |       |       |       ||     1
       Dazzling Spray    |       |    11 |    13 |    15 ||    39
       Static Discharge  |       |       |     5 |       ||     5
       Lightning Bolt    |       |       |       |     1 ||     1
Invok: Shadow Step       |       |       |       |     4 ||     4
  Use: Potion            |     4 |     2 |     1 |       ||     7
       Scroll            |     3 |       |       |       ||     3
 Stab: Sleeping          |     2 |     3 |    17 |    28 ||    50
       Confused          |     3 |       |       |       ||     3
       Invisible         |       |     1 |     2 |     1 ||     4
  Eat: Bread ration      |       |       |     1 |       ||     1
